 Dungeon Crawl Stone Soup version 0.30-a0-1123-gabc949cf19 (webtiles) character file.

Game seed: 13755647682628606111

587 cheesebisquit the Destroyer (level 7, -3/36 HPs)
             Began as a Deep Elf Conjurer on Apr 23, 2023.
             Was an Initiate of Vehumet.
             Slain by an iguana (9 damage)
             ... on level 5 of the Dungeon.
             The game lasted 00:09:09 (4294 turns).

cheesebisquit the Destroyer (Deep Elf Conjurer)     Turns: 4294, Time: 00:09:10

Health: -3/36      AC:  4    Str:  4    XL:     7   Next: 15%
Magic:  8/13       EV: 11    Int: 25    God:    Vehumet [......]
Gold:   293        SH:  0    Dex: 13    Spells: 2/12 levels left

rFire   . . .        g - +0 demon trident
rCold   . . .        (no shield)
rNeg    . . .        q - +0 troll leather armour {Pargi}
rPois   .            (no helmet)
rElec   .            (no cloak)
rCorr   .            (no gloves)
SInv    .            (no boots)
Will    .....        (no amulet)
Stlth   ++           (no ring)
HPRegen 1.06/turn    (no ring)
MPRegen 0.13/turn

%: no passive effects
@: no status effects
A: no striking features
a: Renounce Religion


You were on level 5 of the Dungeon.
You worshipped Vehumet.
Vehumet was noncommittal.
You visited 2 branches of the dungeon, and saw 6 of its levels.

You collected 293 gold pieces.

Inventory:

Hand Weapons
 g - a +0 demon trident (weapon)
 o - a +2 scythe of venom
Missiles
 a - 6 poisoned darts
Armour
 l - a +0 kite shield
 q - a +0 troll leather armour (worn) {Pargi}
Wands
 i - a wand of quicksilver (5)
 t - a wand of digging (7)
Scrolls
 c - 2 scrolls of poison {unknown}
 h - 2 scrolls of fear {unknown}
 j - a scroll of acquirement {unknown}
 k - a scroll of identify {unknown}
 n - 2 scrolls of teleportation {unknown}
 p - 2 scrolls of enchant armour {unknown}
 u - a scroll of fog {unknown}
Potions
 d - 2 potions of cancellation {unknown}
 e - 2 potions of attraction {unknown}
 f - a potion of might {unknown}
 m - 2 potions of flight {unknown}
 r - a potion of curing {unknown}
 s - a potion of degeneration {unknown}
 v - a potion of heal wounds {unknown}
 w - a potion of brilliance {unknown}


   Skills:
 - Level 2.4 Dodging
 - Level 2.4 Stealth
 - Level 3.0 Spellcasting
 + Level 9.5 Conjurations


You had 2 spell levels left.
You knew the following spells:

 Your Spells              Type           Power      Damage    Failure   Level
a - Magic Dart            Conj           100%       1d8       1%          1
b - Searing Ray           Conj           100%       2d8       1%          2
c - Dazzling Flash        Conj/Hex       54%        N/A       8%          3
d - Fulminant Prism       Conj/Hex       13%        3d9       26%         4

Your spell library contained the following spells:

 Spells                   Type           Power      Damage    Failure   Level
 Iskenderun's Mystic Bla  Conj/Tloc      27%        2d7       26%         4
 Call Canine Familiar     Summ           3%         N/A       47%         3
 Portal Projectile        Hex/Tloc       6%         N/A       47%         3
 Leda's Liquefaction      Hex/Erth       1%         N/A       87%         4


Dungeon Overview and Level Annotations

Branches:
Dungeon (5/15)             Temple (1/1) D:4

Altars:
Cheibriados
Dithmenos
Fedhas
Gozag
Kikubaaqudgha
Okawaru
Ru
Sif Muna
Trog
Vehumet
Wu Jian
Xom

Shops:
D:1 [   D:2 (


Message History

* * * LOW HITPOINT WARNING * * *
Magic courses through your body. The iguana barely misses you.
Aiming: Magic Dart (safe; 1% risk of failure)
Press: ? - help, Q - select action, (/) - cycle Shift-Dir - straight line, f/p - iguana
Aim: an iguana (lightly wounded, 100% to hit)
The magic dart hits the iguana.
The iguana is heavily wounded.
The iguana misses you.
Aiming: Magic Dart (safe; 1% risk of failure)
Press: ? - help, Q - select action, (/) - cycle Shift-Dir - straight line, f/p - iguana
Aim: an iguana (heavily wounded, 100% to hit)
The magic dart hits the iguana but does no damage.
The iguana is heavily wounded.
The iguana closely misses you.
Aiming: Magic Dart (safe; 1% risk of failure)
Press: ? - help, Q - select action, (/) - cycle Shift-Dir - straight line, f/p - iguana
Aim: an iguana (heavily wounded, 100% to hit)
The magic dart hits the iguana.
The iguana is heavily wounded.
The iguana bites you!
* * * LOW HITPOINT WARNING * * *
Aiming: Magic Dart (safe; 1% risk of failure)
Press: ? - help, Q - select action, (/) - cycle Shift-Dir - straight line, f/p - iguana
Aim: an iguana (heavily wounded, 100% to hit)
The magic dart hits the iguana but does no damage.
The iguana is heavily wounded.
The iguana barely misses you.
Aiming: Magic Dart (safe; 1% risk of failure)
Press: ? - help, Q - select action, (/) - cycle Shift-Dir - straight line, f/p - iguana
Aim: an iguana (heavily wounded, 100% to hit)
The magic dart hits the iguana but does no damage.
The iguana is heavily wounded.
The iguana closely misses you.
Aiming: Magic Dart (safe; 1% risk of failure)
Press: ? - help, Q - select action, (/) - cycle Shift-Dir - straight line, f/p - iguana
Aim: an iguana (heavily wounded, 100% to hit)
The magic dart hits the iguana.
The iguana is severely wounded.
The iguana bites you!
You die...

#### ###..# ########
#######....#
#......###..†....._.#
#.<........#####....#
#......##### ###..#
#......# ####
#......#########
#.........@llg.##
##############..###
##..)# ###.# .# l# ..
g. ...


You could see 2 iguanas and a gnoll.

Vanquished Creatures
  Sigmund (D:3)
  Pargi (D:3)
  A scorpion (D:5)
  A howler monkey (D:4)
  A hound (D:5)
  2 iguanas
  Terence (D:2)
  6 adders
  A gnoll (D:5)
  5 worms
  2 dart slugs
  5 orcs (D:2)
  2 endoplasms
  3 giant cockroaches
  6 goblins
  7 hobgoblins
  2 jackals (D:1)
  3 quokkas
  3 ball pythons
  5 bats
  2 frilled lizards (D:2)
  9 kobolds
  6 rats
75 creatures vanquished.

Notes
Turn   | Place    | Note
-------+----------+-------------------------------------------
     0 | D:1      | cheesebisquit the Deep Elf Conjurer began the quest for the
                  | Orb.
     0 | D:1      | Reached XP level 1. HP: 10/10 MP: 6/6
   203 | D:1      | Reached XP level 2. HP: 15/15 MP: 4/8
   206 | D:1      | Reached skill level 5 in Conjurations
   658 | D:1      | Reached XP level 3. HP: 19/19 MP: 2/9
   717 | D:1      | Found Ciah's Antique Armour Boutique.
  1031 | D:2      | Found a faded altar of an unknown god.
  1038 | D:2      | Learned a level 2 spell: Searing Ray
  1042 | D:2      | Learned a level 3 spell: Dazzling Flash
  1163 | D:2      | Reached skill level 6 in Conjurations
  1228 | D:2      | Reached XP level 4. HP: 24/24 MP: 5/10
  1431 | D:2      | Noticed Terence
  1437 | D:2      | Killed Terence
  1497 | D:2      | Found Gabyriem's Antique Weapon Shop.
  1995 | D:3      | Reached skill level 7 in Conjurations
  1995 | D:3      | Reached XP level 5. HP: 28/28 MP: 8/11
  2109 | D:3      | Learned a level 4 spell: Fulminant Prism
  2261 | D:3      | Noticed Sigmund
  2268 | D:3      | Killed Sigmund
  2269 | D:3      | Reached skill level 8 in Conjurations
  2269 | D:3      | Reached XP level 6. HP: 32/32 MP: 4/12
  2401 | D:3      | Noticed Pargi
  2409 | D:3      | Killed Pargi
  2684 | D:3      | Found an iron altar of Okawaru.
  2929 | D:4      | Reached skill level 9 in Conjurations
  3138 | D:4      | Found a shimmering blue altar of Sif Muna.
  3285 | D:4      | Found a staircase to the Ecumenical Temple.
  3291 | Temple   | Entered the Ecumenical Temple
  3336 | Temple   | Became a worshipper of Vehumet
  3700 | D:4      | Found a staircase to the Ecumenical Temple.
  4045 | D:4      | Found a shimmering blue altar of Sif Muna.
  4101 | D:5      | Entered Level 5 of the Dungeon
  4146 | D:5      | Found an ancient bone altar of Kikubaaqudgha.
  4157 | D:5      | Reached XP level 7. HP: 35/36 MP: 3/13
  4294 | D:5      | Slain by an iguana

Illustrated notes

Levels and vault maps discovered:
D:1:      dpeg_arrival_court, layout_basic, serial_shops, shop,
          chequers_mini_garden
D:2:      layout_basic, basic_ecumenical_altar, serial_shops, shop, uniq_terence
D:3:      layout_loops_cross, lemuel_tele_altar, uniq_pargi, uniq_sigmund
D:4:      layout_cave_pools, pf_just_have_faith, minmay_temple_entry_wispy
D:5:      layout_rooms, tso_altar, mainiacjoe_overflow_alcove_1, uniq_grinder
Temple:   nicolae_temple_ecumenical_triangle

Skill      XL: |  1  2  3  4  5  6 |
---------------+-------------------+-----
Conjurations   | 5 6 7 8 9 |  9.5
Dodging        | |  2.4
Stealth        | |  2.4
Spellcasting   | |  3.0

Action                     |  1- 3 |  4- 6 |  7- 9 || total
---------------------------+-------+-------+-------++-------
  Melee: Demon trident     |       |    12 |       ||    12
   Cast: Magic Dart        |    74 |   119 |    21 ||   214
    Use: Potion            |       |       |     1 ||     1
 Armour: Robe              |     2 |     2 |       ||     4
         Troll leather arm |       |     3 |       ||     3
  Dodge: Dodged            |     4 |    23 |     7 ||    34

Table legend: (Time is in decaauts)
 A = Elapsed time spent in this place.
 B = Non-inter-level travel time spent in this place.
 C = Inter-level travel time spent in this place.
 D = Time resting spent in this place.
 E = Time spent auto-exploring this place.
 F = Levels seen in this place.
 G = Mean time per level.
                   A        B        C        D        E       F      G
               +--------+--------+--------+--------+--------+-----+--------+
         Total |   4298 |   4114 |    184 |      0 |   3675 |   6 |  716.3 |
       Dungeon |   4243 |   4075 |    168 |      0 |   3645 |   5 |  848.6 |
        Temple |     54 |     38 |     16 |      0 |     30 |   1 |   54.0 |
               +--------+--------+--------+--------+--------+-----+--------+

Top non-repeatable levels by time:
     D:4: 1168 daAuts
     D:1: 1007 daAuts
     D:3: 988 daAuts
     D:2: 886 daAuts
     D:5: 192 daAuts
  Temple: 54 daAuts
